 Dungeon Crawl Stone Soup version 0.30-a0-341-g682706514a (webtiles) character file.

Game seed: 15153169086351393157

11008 blackman the Carver (level 11, -7/64 HPs)
             Began as a Demonspawn Hunter on Nov 1, 2022.
             Was a Priest of Hepliaklqana.
             Mangled by a white ugly thing (40 damage)
             ... on level 11 of the Dungeon.
             The game lasted 00:39:00 (12551 turns).

blackman the Carver (Demonspawn Hunter)            Turns: 12551, Time: 00:39:00

Health: -7/64      AC: 21    Str: 12    XL:     11   Next: 43%
Magic:  11/11      EV: 16    Int: 11    God:    Hepliaklqana [***...]
Gold:   702        SH: 20    Dex: 20    Spells: 10/10 levels left

rFire   + . .      SeeInvis .    T - +3 scimitar (freeze)
rCold   . . .      Faith    .    H - +0 kite shield
rNeg    . . .      Spirit   .    L - +5 robe of Misfortune {Harm *Corrode *Slow EV+5}
rPois   .          Reflect  .    v - +2 helmet
rElec   .          Harm     +    g - +0 cloak
rCorr   .          Rampage  .    n - +0 pair of gloves
Will    .....                    l - +0 pair of boots
Stlth   ++........               f - amulet of magic regeneration
HPRegen 0.30/turn                d - ring of protection from fire
MPRegen 0.52/turn                D - +4 ring of protection

@: studying 2 skills
A: reduced essence, claws 2, large bone plates 1, icemail 1, spiny 1,
condensation shield
a: Renounce Religion, Recall Ancestor, Ancestor Identity, Transference


You were on level 11 of the Dungeon.
You worshipped Hepliaklqana.
Hepliaklqana was most pleased with you.
You visited 2 branches of the dungeon, and saw 12 of its levels.
You also visited: Bailey.

You collected 702 gold pieces.

Inventory:

Hand Weapons
 T - a +3 scimitar of freezing (weapon)
Missiles
 q - 10 curare-tipped darts
 u - 20 poisoned darts
 M - 13 boomerangs
Armour
 g - a +0 cloak (worn)
 l - a +0 pair of boots (worn)
 n - a +0 pair of gloves (worn)
 v - a +2 helmet (worn)
 H - a +0 kite shield (worn)
 L - the +5 robe of Misfortune (worn) {Harm *Corrode *Slow EV+5}
   (You found it on level 6 of the Dungeon)

   EV:        It affects your evasion (+5).
   *Corrode:  It may corrode you when you take damage.
   *Slow:     It may slow you when you take damage.
   Harm:      It increases damage dealt and taken.
Jewellery
 d - a ring of protection from fire (left hand)
 f - an amulet of magic regeneration (around neck)
 w - a ring of fire
 D - a +4 ring of protection (right hand)
 J - a ring of ice
 N - a +6 ring of intelligence
Wands
 r - a wand of flame (14)
 F - a wand of polymorph (10)
 O - a wand of acid (7)
 V - a wand of iceblast (9)
 Z - a wand of mindburst (5)
Scrolls
 i - 3 scrolls of silence
 j - 5 scrolls of identify
 s - a scroll of teleportation
 y - 2 scrolls of noise
 A - 4 scrolls of blinking
 B - 3 scrolls of enchant weapon
 I - 3 scrolls of amnesia
 K - a scroll of fear
 Q - 2 scrolls of immolation
 X - a scroll of magic mapping {unknown}
Potions
 e - 2 potions of invisibility
 m - a potion of might
 o - 2 potions of ambrosia
 p - 3 potions of magic
 t - 4 potions of curing
 x - 5 potions of degeneration
 z - 3 potions of flight {unknown}
 C - 2 potions of heal wounds
 E - 2 potions of berserk rage
 G - a potion of attraction {unknown}
 P - a potion of resistance
 R - a potion of lignification {unknown}
 S - 4 potions of haste
 W - 3 potions of brilliance {unknown}
Miscellaneous
 Y - a phantom mirror (inert)


   Skills:
 - Level 2.0 Fighting
 * Level 13.7 Long Blades
 - Level 12.0 Ranged Weapons
 - Level 1.7 Dodging
 - Level 0.8 Stealth
 - Level 8.6 Shields


You had 10 spell levels left.
You didn't know any spells.
Your spell library contained the following spells:

 Spells                   Type           Power      Damage    Failure   Level
 Necrotise                Necr           0%         1d4       63%         1
 Scorch                   Fire           0%         2d5       77%         2
 Portal Projectile        Hex/Tloc       0%         N/A       94%         3
 Tukima's Dance           Hex            0%         N/A       94%         3
 Vampiric Draining        Necr           0%         2d6       94%         3
 Flame Wave               Conj/Fire      0%         2d4       100%        4
 Agony                    Necr           0%         N/A       100%        5
 Blade Hands              Tmut           0%         N/A       100%        5
 Summon Cactus Giant      Summ           0%         N/A       100%        6


Dungeon Overview and Level Annotations

Branches:
Dungeon (11/15)            Temple (1/1) D:7            Lair (0/5) D:10
    Orc (0/2) D:9          Bailey (visited)

Altars:
Ashenzari
Cheibriados
Dithmenos
Fedhas
Gozag
Hepliaklqana
Kikubaaqudgha
Makhleb
Nemelex Xobeh
Okawaru
Qazlal
Ru
Sif Muna
Trog
Uskayaw
Vehumet
Wu Jian
Xom
Yredelemnul

Shops:
D:1 *   D:3 ?*(=   D:5 !   D:9 ?

Annotations:
D:3 1 runed translucent door, Crazy Yiuf, Grinder
D:11 Grum


Innate Abilities, Weirdness & Mutations

Your life essence is reduced to manifest your ancestor. (-10% HP)
You have very sharp fingernails.
You are partially covered in large bone plates. (SH +4)
A meltable icy envelope protects you from harm. (AC +4)
You are partially covered in sharp spines.
A meltable shield of frost defends you. (SH +4)


Message History

You block the wolf's attack.
Myrr blocks the wolf's attack.
The wolf bites you but does no damage.
You block the white ugly thing's attack.
Myrr hits the wolf with a +0 flail!
You hit the wolf. You freeze the wolf.
The wolf is severely wounded.
The wolf bites you but does no damage.
The wolf bites Myrr.
You block the wolf's attack. You block Grum's attack.
The white ugly thing is struck by your spines.
The white ugly thing barely misses you. You block the wolf's attack.
You slash the wolf! You freeze the wolf.
You kill the wolf!
Myrr closely misses the wolf.
You block Grum's attack. You block the wolf's attack.
The wolf is struck by your spines.
You kill the wolf!
You slash the white ugly thing! You freeze the white ugly thing.
The white ugly thing is moderately wounded.
You block the wolf's attack. The white ugly thing misses you.
Myrr hits the wolf with a +0 flail!
Grum hits you from afar with a +1 spear.
You slash the wolf! You freeze the wolf.
You kill the wolf!
You block the white ugly thing's attack.
Myrr closely misses the wolf.
Grum barely misses you.
You slash the white ugly thing! You freeze the white ugly thing.
The white ugly thing is heavily wounded.
You block the wolf's attack. The white ugly thing claws you.
The white ugly thing freezes you! You block the wolf's attack.
Myrr closely misses the wolf.
Grum hits you but does no damage.
You closely miss the white ugly thing.
The white ugly thing is heavily wounded.
You block the wolf's attack.
The white ugly thing claws you but does no damage.
Myrr barely misses the wolf.
The wolf bites you but does no damage.
You slice the white ugly thing!! You freeze the white ugly thing.
The white ugly thing is almost dead.
You block Grum's attack. You block the wolf's attack.
The white ugly thing claws you. The white ugly thing freezes you!!
Ouch! That really hurt!
You die...

....
##...##.....###
....#
###...#########
..... ##....##
.....##....##
#.....#....#
#....#...##
#.......##
##.....##
##.R†@# ##
##.h#u....# ##.
#.. .g...# ##..
#.. .....# #...
#.. .....# #...
#$. ....[# #...
#.. .....# #...
##. .(..##
##... ##.###


You could see the friendly Myrr the knight, a white ugly thing (ally target),
Grum and a wolf.

Vanquished Creatures
  A two-headed ogre (D:10)
  An orc high priest (Bailey)
  Sonja (D:10)
  Pikel (D:6)
  Maggie (D:8)
  Maurice (D:8)
  2 kobold demonologists
  A komodo dragon (D:10)
  A wyvern (D:9)
  A steam dragon (D:8)
  An acid dragon (D:8)
  15 orc warriors
  2 black bears
  3 wolves (D:11)
  An ice beast (D:6)
  An ogre (D:7)
  4 centaurs
  A phantom (D:5)
  4 lemures
  A kobold brigand (D:8)
  3 bullfrogs
  A gnoll sergeant (D:5)
  6 scorpions
  15 wights
  8 killer bees
  5 electric eels (Bailey)
  4 howler monkeys
  4 crimson imps (D:8)
  2 hounds
  A jelly (D:8)
  An orc priest (D:10)
  Terence (D:3)
  An iguana (D:6)
  7 orc wizards
  16 gnolls
  6 adders
  A shadow imp (D:6)
  A white imp (D:6)
  2 ufetubi (D:5)
  2 worms (D:2)
  3 dart slugs
  48 orcs
  6 ball pythons
  15 endoplasms
  8 giant cockroaches
  14 goblins
  11 hobgoblins
  9 jackals
  A bat (D:3)
  2 frilled lizards (D:3)
  11 kobolds
  8 rats
  A butterfly (D:7)
268 creatures vanquished.

Vanquished Creatures (collateral kills)
  Fannar (D:10)
  Psyche (D:8)
  A troll (D:11)
  A steam dragon (D:9)
  An acid dragon (D:9)
  An orc warrior (D:9)
  2 wights (D:10)
  An orc wizard (D:9)
  5 orcs (D:9)
  3 hobgoblins
  A butterfly (D:7)
18 creatures vanquished.

Vanquished Creatures (others)
  An ancestor (D:8)
  8 plants
9 creatures vanquished.

Grand Total: 295 creatures vanquished

Notes
Turn   | Place    | Note
-------+----------+-------------------------------------------
     0 | D:1      | blackman the Demonspawn Hunter began the quest for the Orb.
     0 | D:1      | Reached XP level 1. HP: 16/16 MP: 1/1
    80 | D:1      | Reached skill level 1 in Long Blades
   184 | D:1      | Gained mutation: You are partially covered in large bone
                  | plates. (SH +4) [demonic ancestry]
   184 | D:1      | Reached XP level 2. HP: 22/22 MP: 2/2
   323 | D:1      | Reached skill level 2 in Long Blades
   436 | D:1      | Found Urafiok's Assorted Antiques.
   677 | D:1      | Gained mutation: You are partially covered in sharp spines.
                  | [demonic ancestry]
   677 | D:1      | Reached XP level 3. HP: 26/27 MP: 3/3
  1121 | D:2      | Reached skill level 3 in Long Blades
  1330 | D:2      | Gained mutation: You have sharp fingernails. [demonic
                  | ancestry]
  1330 | D:2      | Reached XP level 4. HP: 27/33 MP: 4/4
  1664 | D:3      | Found Fith's Jewellery Boutique.
  1753 | D:3      | Noticed Terence
  1771 | D:3      | Killed Terence
  1772 | D:3      | Reached skill level 4 in Long Blades
  1906 | D:3      | Found a runed translucent door.
  1907 | D:3      | Noticed Crazy Yiuf
  1944 | D:3      | Found Acharac's Weapon Boutique.
  1952 | D:3      | Found Ceir's General Store.
  1953 | D:3      | You fall into a shaft and drop 1 floor!
  2054 | D:3      | Reached XP level 5. HP: 38/38 MP: 5/5
  2071 | D:3      | Noticed a black bear
  2080 | D:3      | Killed a black bear
  2081 | D:3      | Reached skill level 5 in Long Blades
  2212 | D:3      | Gained mutation: A meltable shield of frost defends you.
                  | (SH +4) [demonic ancestry]
  2212 | D:3      | Reached XP level 6. HP: 37/44 MP: 6/6
  2343 | D:3      | Found Isurirru's Magic Scroll Shoppe.
  2431 | D:3      | Found a shadowy altar of Dithmenos.
  2578 | D:3      | Noticed Grinder
  2579 | D:3      | Identified a scroll of acquirement
  2579 | D:3      | Acquired a manual of Ranged Weapons
  3295 | D:5      | Entered Level 5 of the Dungeon
  3336 | D:5      | Reached skill level 5 in Ranged Weapons
  3540 | D:5      | Reached XP level 7. HP: 50/50 MP: 7/7
  4174 | D:5      | Found Ekiplyf's Distillery.
  4901 | D:6      | Reached XP level 8. HP: 56/56 MP: 8/8
  4911 | D:6      | Found the +5 robe of Misfortune {Harm *Corrode *Slow EV+5}
  5007 | D:6      | Reached skill level 10 in Ranged Weapons
  5047 | D:6      | Noticed Pikel
  5259 | D:6      | Killed Pikel
  5907 | D:6      | Found a shimmering blue altar of Sif Muna.
  6043 | D:7      | Reached skill level 6 in Long Blades
  6241 | D:7      | Found a staircase to the Ecumenical Temple.
  6258 | D:7      | Reached skill level 7 in Long Blades
  6258 | D:7      | Gained mutation: You have very sharp fingernails. [demonic
                  | ancestry]
  6258 | D:7      | Reached XP level 9. HP: 61/61 MP: 9/9
  6260 | Temple   | Entered the Ecumenical Temple
  6490 | Temple   | Became a worshipper of Hepliaklqana the Forgotten
  7112 | D:7      | Reached skill level 8 in Long Blades
  7743 | D:8      | Reached * piety under Hepliaklqana
  7760 | D:8      | Noticed Maurice
  8389 | D:8      | Killed Maurice
  8432 | D:8      | Reached skill level 9 in Long Blades
  8708 | D:8      | Reached skill level 1 in Shields
  8756 | D:8      | Found a shimmering altar of Xom.
  9062 | D:8      | Noticed Maggie
  9072 | D:8      | Killed Maggie
  9073 | D:8      | Gained mutation: A meltable icy envelope protects you from
                  | harm. (AC +4) [demonic ancestry]
  9073 | D:8      | Reached XP level 10. HP: 47/60 MP: 10/10
  9143 | D:8      | Noticed Psyche
  9158 | D:8      | Killed Psyche
  9159 | D:8      | Reached skill level 5 in Shields
  9588 | D:8      | Found a stormy altar of Qazlal.
  9726 | D:9      | Found a hide-covered altar of Uskayaw.
  9808 | D:9      | Found a blossoming altar of Fedhas.
  9861 | D:9      | Found a flagged portal.
  9873 | Bailey   | Entered a bailey
  9974 | Bailey   | Noticed a sixfirhy
 10388 | Bailey   | Found an iron altar of Okawaru.
 10388 | Bailey   | Noticed an orc high priest
 10398 | Bailey   | Killed an orc high priest
 10407 | Bailey   | Acquired a manual of Long Blades
 10644 | D:9      | Found Iwalexeu's Magic Scroll Boutique.
 10682 | D:9      | Reached ** piety under Hepliaklqana
 10683 | D:9      | Remembered your ancestor Myrr as a knight
 10745 | D:9      | Reached skill level 10 in Long Blades
 10845 | D:9      | Found a staircase to the Orcish Mines.
 11208 | D:10     | Entered Level 10 of the Dungeon
 11238 | D:10     | Noticed a two-headed ogre
 11242 | D:10     | Killed a two-headed ogre
 11243 | D:10     | Reached skill level 11 in Long Blades
 11243 | D:10     | Reached XP level 11. HP: 64/64 MP: 11/11
 11465 | D:10     | Noticed Fannar
 11479 | D:10     | Killed Fannar
 11480 | D:10     | Reached skill level 12 in Long Blades
 11805 | D:10     | Reached *** piety under Hepliaklqana
 11838 | D:10     | Found an ornate altar of the Wu Jian Council.
 11907 | D:10     | Found a staircase to the Lair.
 11919 | D:10     | Noticed Sonja
 11936 | D:10     | Killed Sonja
 11937 | D:10     | Reached skill level 13 in Long Blades
 12536 | D:11     | Noticed a white ugly thing
 12538 | D:11     | Noticed Grum
 12551 | D:11     | Mangled by a white ugly thing

Illustrated notes

Levels and vault maps discovered:
D:1:      shiori_shiawase, layout_loops_ring, serial_shops, shop
D:2:      minmay_angry_zag, layout_basic, minmay_tromino_v4_c
D:3:      layout_basic, grunt_dithmenos_smoke, serial_shops, shop, shop,
          nicolae_square_shop, shop, uniq_terence, uniq_crazy_yiuf_cottage,
          uniq_grinder
D:4:      nicolae_BIG_FREAKIN_CUBE, layout_basic
D:5:      layout_basic, serial_shops, shop_fountains
D:6:      layout_basic, lemuel_blue_sif_altar, portal_sewer_entry_e, uniq_pikel
D:7:      layout_basic, zin_statuary, minmay_temple_entry_butterflies
D:8:      layout_loops_corners, led_xom_imps, marbit_many_paths, uniq_maurice,
          uniq_psyche, uniq_maggie
D:9:      layout_irregular_city, lemuel_tele_altar,
          mainiacjoe_overflow_alcove_4, david_orc_4, enter_bailey_4,
          serial_shops, kennysheep_mini_moat
D:10:     layout_roguey, nicolae_overflow_hidden_temple, david_lair_shrubbed,
          minivault_24, corexii_corridor_pit, uniq_sonja, uniq_fannar
D:11:     layout_cave_pods, serial_bayou_pond_e,
          minmay_shop_enchanted_jewellery, uniq_grum
Temple:   eino_temple_water

Skill      XL: |  1  2  3  4  5  6  7  8  9 10 11 |
---------------+----------------------------------+-----
Long Blades    | 1 2 3 4 5 7 9 11 13 | 13.7
Ranged Weapons | 6 9 12 | 12.0
Shields        | 4 8 |  8.6
Fighting       | |  2.0
Dodging        | |  1.7
Stealth        | |  0.8

Action                   |  1- 3 |  4- 6 |  7- 9 | 10-12 || total
-------------------------+-------+-------+-------+-------++-------
Melee: Scimitar          |       |       |    47 |   233 ||   280
       Great sword       |       |       |    34 |       ||    34
       Unarmed           |       |       |       |    11 ||    11
 Fire: Shortbow          |    95 |   155 |   335 |       ||   585
Throw: Dart              |       |     4 |     5 |       ||     9
       Throwing net      |       |       |     2 |       ||     2
Invok: Ancestor Identity |       |       |     2 |       ||     2
       Recall Ancestor   |       |       |     1 |     1 ||     2
       Ancestor Life: Kn |       |       |       |     1 ||     1
Evoke: Wand              |       |     8 |     2 |    12 ||    22
       Phantom mirror    |       |       |       |     1 ||     1
  Use: Scroll            |       |     4 |     7 |     9 ||    20
       Potion            |       |     2 |     1 |     2 ||     5
 Stab: Distracted        |       |       |     1 |     2 ||     3
       Sleeping          |       |       |       |     2 ||     2
Armor: Leather armour    |    13 |    28 |    11 |       ||    52
       Robe              |       |       |    39 |    47 ||    86
       Skin              |       |       |       |     1 ||     1
Dodge: Dodged            |    15 |    32 |   101 |   101 ||   249
Block: Other             |     4 |    20 |    67 |       ||    91
       Kite shield       |       |       |    33 |   243 ||   276

Table legend: (Time is in decaauts)
 A = Elapsed time spent in this place.
 B = Non-inter-level travel time spent in this place.
 C = Inter-level travel time spent in this place.
 D = Time resting spent in this place.
 E = Time spent auto-exploring this place.
 F = Levels seen in this place.
 G = Mean time per level.
                   A        B        C        D        E       F      G
               +--------+--------+--------+--------+--------+-----+--------+
         Total |  12664 |  12181 |    483 |   2164 |   8031 |  13 |  974.2 |
       Dungeon |  11652 |  11208 |    444 |   1947 |   7509 |  11 | 1059.3 |
        Temple |    241 |    202 |     39 |      0 |    190 |   1 |  241.0 |
        Bailey |    770 |    770 |      0 |    217 |    332 |   1 |  770.0 |
               +--------+--------+--------+--------+--------+-----+--------+

Top non-repeatable levels by time:
     D:7: 2065 daAuts
     D:6: 1448 daAuts
     D:8: 1311 daAuts
     D:5: 1284 daAuts
    D:10: 1039 daAuts
     D:3: 907 daAuts
     D:2: 855 daAuts
     D:1: 824 daAuts
     D:9: 822 daAuts
     D:4: 790 daAuts
  Bailey: 770 daAuts
    D:11: 302 daAuts
  Temple: 241 daAuts
